 Dungeon Crawl Stone Soup version 0.18-a0-1006-g6b5bfb2 (console) character file.

127 FIQ the Skirmisher (level 4, -1/37 HPs)
             Began as a Demonspawn Chaos Knight on Jan 6, 2016.
             Slain by a kobold (3 damage)
             ... on level 3 of the Dungeon.
             The game lasted 00:06:28 (1692 turns).

FIQ the Skirmisher (Demonspawn Chaos Knight)        Turns: 1692, Time: 00:06:28

Health: -1/37      AC:  5    Str: 13    XL:     4   Next: 85%
Magic:  4/4        EV: 12    Int: 13    God:    Xom [*.....]
Gold:   85         SH:  0    Dex: 13    Spells: 0 memorised, 3 levels left

rFire  + . .     SeeInvis .     a - +0 mace (chaos)
rCold  . . .     Gourm    .     b - +2 leather armour
rNeg   . . .     Faith    .     (no shield)
rPois  .         Spirit   .     (no helmet)
rElec  .         Dismiss  .     (no cloak)
rCorr  .         Reflect  .     (no gloves)
SustAt .         Harm     .     (no boots)
MR     .....                    (no amulet)
Stlth  +.........               (no ring)
                                (no ring)

@: about to teleport, not resistant to hostile enchantments, very unstealthy
A: fire resistance 1
a: Renounce Religion


You were on level 3 of the Dungeon.
You worshipped Xom.
You were a special plaything of Xom.
You were not hungry.

You visited 1 branch of the dungeon, and saw 3 of its levels.

You collected 85 gold pieces.

Inventory:

Hand Weapons
 a - a +0 mace of chaos (weapon)
Armour
 b - a +2 leather armour (worn)
Wands
 e - a wand of magic darts (27/48)
Potions
 h - a potion of resistance {unknown}
Comestibles
 c - 2 bread rations
 d - 3 chunks of flesh
 g - 2 meat rations
 j - 2 fruits


   Skills:
 + Level 4.0 Fighting
 + Level 3.5 Maces & Flails
 + Level 2.6 Armour
 + Level 1.8 Dodging


You had 3 spell levels left.
You didn't know any spells.

Dungeon Overview and Level Annotations

Branches:
Dungeon (3/15)

Altars:
Fedhas
Gozag


Innate Abilities, Weirdness & Mutations

Your flesh is heat resistant.


Message History

You closely miss the goblin.
The goblin is heavily wounded.
The goblin hits you with a club.
* * * LOW HITPOINT WARNING * * *
You open the door.
A kobold comes into view.
The goblin closely misses you. The orc completely misses you.
Found a bread ration.
There is an open door here.
Found 25 sling bullets.
Found a blossoming altar of Fedhas.
A rat comes into view.
The kobold hits you.
* * * LOW HITPOINT WARNING * * *
The rat closely misses you.
You closely miss the kobold. The rat closely misses you. The kobold misses you.
The rat bites you but does no damage.
Read which item? (? for menu, Esc to quit)
As you read the scroll of teleportation, it crumbles to dust.
You feel strangely unstable. The kobold hits you.
You die...

##+####....#g##.#####
#..........#o##......
#..........#.....##
#......###.##....####
#......#)..##....#...
#.>..#####...........
#...##...##..........
###'##.....#######....
#...#.......#.........
#..gK.r._...##........
#...#@......#...).####
#...##.....##....#
#.... #..(##.....
#.... ######.... #.%..
#.... #..... ###.


You could see a goblin, a kobold and a rat.

Vanquished Creatures
  A jelly (D:3)
  4 adders (D:2)
  4 worms
  A giant gecko (D:2)
  A ball python (D:2)
  4 giant cockroaches
  4 hobgoblins
  A jackal (D:2)
  A quokka (D:2)
  4 bats
  4 giant newts
  7 goblins
  11 kobolds
  4 rats (D:1)
51 creatures vanquished.

Notes
Turn   | Place    | Note
--------------------------------------------------------------
     0 | D:1      | FIQ the Demonspawn Chaos Knight began the quest for the Orb.
     0 | D:1      | Reached XP level 1. HP: 18/18 MP: 1/1
   158 | D:1      | Reached skill level 1 in Dodging
   259 | D:1      | XOM: divination: detect items
   476 | D:1      | Gained mutation: Your flesh is heat resistant. [demonic ancestry]
   476 | D:1      | Reached XP level 2. HP: 9/24 MP: 2/2
   696 | D:1      | XOM: harmless Trmt miscast
   702 | D:1      | XOM: harmless Summ miscast
   786 | D:2      | Reached XP level 3. HP: 24/29 MP: 3/3
   823 | D:2      | Found an opulent altar of Gozag.
   847 | D:2      | HP: 1/29 [worm (10)]
  1156 | D:2      | XOM is BORED!
  1156 | D:2      | XOM: silly message
  1214 | D:2      | Reached XP level 4. HP: 13/37 MP: 4/4
  1574 | D:2      | XOM: silly message
  1615 | D:3      | XOM: enchant monster (bad)
  1657 | D:3      | HP: 1/37 [acid (6)]
  1661 | D:3      | XOM: fake destruction
  1664 | D:3      | Reached skill level 4 in Fighting
  1673 | D:3      | XOM: harmless Fire miscast
  1676 | D:3      | XOM: harmless Hex miscast
  1688 | D:3      | Found a blossoming altar of Fedhas.
  1692 | D:3      | Slain by a kobold

Vault maps used:
D:1:      minmay_arrival_five_plusses
D:2:      lemuel_crystal_altar, minmay_surrounded
D:3:      lemuel_round_altar, lightli_sewer_entry_pipes, serial_park_tiny_2

Action                   |  1- 3 |  4- 6 || total
-------------------------+-------+-------++-------
Melee: Mace              |   110 |    65 ||   175
Evoke: Wand              |       |     2 ||     2
  Use: Scroll            |       |     7 ||     7
       Potion            |       |     2 ||     2
  Eat: Chunk             |     1 |     2 ||     3
